 Dungeon Crawl Stone Soup version 0.30-a0-364-gf6b3ef1049 (webtiles) character file.

Game seed: 14276578659092521763

30963 Floretta the Severer (level 13, -7/134 HPs)
             Began as a Minotaur Berserker on Nov 15, 2022.
             Was a High Priest of Trog.
             Mangled by an anaconda simulacrum (20 damage)
             ... in an ice cave.
             The game lasted 00:50:11 (10990 turns).

Floretta the Severer (Minotaur Berserker)          Turns: 10990, Time: 00:50:11

Health: -7/134     AC:  9    Str: 30    XL:     13   Next: 23%
Magic:  12/12      EV: 16    Int: 10    God:    Trog [*****.]
Gold:   487        SH:  0    Dex: 11    Spells: 12/12 levels left

rFire   . . .      SeeInvis .    d - +3 battleaxe
rCold   . . .      Faith    .    (shield currently unavailable)
rNeg    . . .      Spirit   .    E - +0 scale mail of the Sun {Str+4 Int+6}
rPois   .          Reflect  .    (helmet restricted)
rElec   .          Harm     .    G - scarf {+Inv}
rCorr   .          Rampage  .    (no gloves)
Will    .....                    H - +2 pair of boots
Stlth   ..........               l - amulet of regeneration
HPRegen 1.22/turn                n - +4 ring of evasion
MPRegen 0.13/turn                t - ring "Opask" {+Blink EV+4 Str+4 Dex-4}

@: on berserk cooldown, hasted and slowed, constricted
A: horns 2, retaliatory headbutt
a: Renounce Religion, Evoke Blink, Evoke Invisibility, Berserk, Trog's Hand,
Brothers in Arms


You were in an ice cave.
You worshipped Trog.
Trog was extremely pleased with you.
You visited 2 branches of the dungeon, and saw 13 of its levels.
You visited the Abyss 1 time.
You also visited: Ice Cave.

You collected 613 gold pieces.
You spent 126 gold pieces at shops.

Inventory:

Hand Weapons
 d - a +3 battleaxe (weapon)
Missiles
 s - 8 throwing nets (quivered)
Armour
 E - the +0 scale mail of the Sun (worn) {Str+4 Int+6}
   (You found it on level 3 of the Dungeon)

   Str:       It affects your strength (+4).
   Int:       It affects your intelligence (+6).
 G - a scarf of invisibility (worn)
 H - a +2 pair of boots (worn)
Jewellery
 l - an amulet of regeneration (around neck)
 n - a +4 ring of evasion (left hand)
 t - the ring "Opask" (right hand) {+Blink EV+4 Str+4 Dex-4}
   (You found it on level 2 of the Dungeon)

   [ring of evasion]

   EV:        It affects your evasion (+4).
   Str:       It affects your strength (+4).
   Dex:       It affects your dexterity (-4).
   +Blink:    It lets you blink.
Wands
 b - a wand of charming (4)
 w - a wand of iceblast (7)
 y - a wand of flame (17)
 M - a wand of mindburst (5)
Scrolls
 a - 2 scrolls of identify
 f - 2 scrolls of fear
 h - a scroll of torment {unknown}
 j - 7 scrolls of teleportation
 k - a scroll of magic mapping {unknown}
 p - 3 scrolls of blinking
 C - 2 scrolls of fog
 D - a scroll of enchant weapon {unknown}
 J - a scroll of silence {unknown}
 N - 3 scrolls of enchant armour
Potions
 i - 5 potions of curing
 q - a potion of ambrosia {unknown}
 u - a potion of flight {unknown}
 z - a potion of cancellation {unknown}
 I - a potion of haste
 P - a potion of resistance {unknown}


   Skills:
 + Level 18.0 Fighting
 - Level 20.0 Axes
 - Level 2.4 Armour
 - Level 2.1 Dodging


You had 12 spell levels left.
You didn't know any spells.
Your spell library was empty.

Dungeon Overview and Level Annotations

Branches:
Dungeon (11/15)            Temple (0/1) D:5            Lair (2/5) D:11
 Shoals (0/4) Lair:2        Snake (0/4) Lair:2          Orc (0/2) D:10
  IceCv (1/1)

Altars:
Dithmenos
Elyvilon
Fedhas
Gozag
Makhleb
Nemelex Xobeh
Okawaru
Ru
Sif Muna
Trog
Uskayaw

Shops:
D:4 **   D:6 *


Innate Abilities, Weirdness & Mutations

You have a pair of horns on your head.
You reflexively headbutt those who attack you in melee.


Message History

The harpy simulacrum claws you but does no damage. x2
The anaconda simulacrum bites you. The anaconda simulacrum freezes you!!
The anaconda simulacrum constricts you.
You escape the anaconda simulacrum's grasp.
You feel a strong urge to attack something.
The harpy simulacrum claws you!
* * * LOW HITPOINT WARNING * * *
The harpy simulacrum freezes you!
* * * LOW HITPOINT WARNING * * *
The harpy simulacrum completely misses you.
You feel your anger nearly subside.
The harpy simulacrum attacks as you move away!
The harpy simulacrum completely misses you.
The harpy simulacrum misses you.
You are no longer berserk.
You are exhausted.
You feel yourself slow down.
The harpy simulacrum closely misses you.
The harpy simulacrum claws you!
* * * LOW HITPOINT WARNING * * *
The harpy simulacrum freezes you!
* * * LOW HITPOINT WARNING * * *
A harpy simulacrum is nearby!
You feel yourself speed up. The harpy simulacrum misses you.
You furiously retaliate!
You headbutt the harpy simulacrum!
The harpy simulacrum vaporises!
Trog accepts your kill. The anaconda simulacrum grabs you.
The anaconda simulacrum completely misses you.
The anaconda simulacrum constricts you.
* * * LOW HITPOINT WARNING * * *
You escape the anaconda simulacrum's grasp.
The anaconda simulacrum attacks as you move away!
The anaconda simulacrum completely misses you.
You furiously retaliate!
You headbutt the anaconda simulacrum!
The anaconda simulacrum barely misses you.
The anaconda simulacrum grabs you. The anaconda simulacrum bites you.
* * * LOW HITPOINT WARNING * * *
The anaconda simulacrum freezes you!!
You die...

####...## ###.
##...#### ##
###....#######
###...#....#### ###
###....##...##
##.###### #########..#
###.#.#(.[## ###...##
#..###Z.⌠..# ##....##
###..##@..######....##
#5Z2##..#####.....###
#.Z.###..####.....##
#...Z ##...#....###
##... ###...#### ###.
##### $. [#


You could see an anaconda simulacrum.

Vanquished Creatures
  Fannar (Lair:1)
  A rakshasa (Abyss:2)
  Harold (D:9)
  3 two-headed ogres
  A thrashing horror (Abyss:2)
  Sonja (D:11)
  Pikel (D:4)
  An ugly thing (D:11)
  A cyclops (D:11)
  Joseph (D:9)
  An ice statue (IceCv)
  6 black mambas
  3 cane toads
  An unseen horror (D:11)
  2 komodo dragons
  2 kobold demonologists
  2 anaconda simulacra (IceCv)
  3 rime drakes
  3 meliai (D:11)
  A troll (D:11)
  A hornet (D:9)
  Grinder (D:5)
  A large abomination (Abyss:2)
  5 blink frogs (Lair:2)
  A slime creature (D:7)
  6 flying skulls (Abyss:2)
  A wyvern (Lair:2)
  30 yaks
  Grum (D:9)
  8 vampire mosquitoes (D:10)
  3 steam dragons
  2 basilisks
  A harpy simulacrum (IceCv)
  12 water moccasins
  8 orc warriors
  3 ice beasts
  2 sky beasts
  A centaur (D:9)
  6 wolves
  2 lemures (D:4)
  3 phantoms
  Blork the orc (D:5)
  4 gnoll sergeants
  3 bullfrogs
  A cane toad simulacrum (IceCv)
  4 necrophages
  3 scorpions
  2 two-headed ogre simulacra (IceCv)
  21 wights
  An elephant simulacrum (IceCv)
  9 howler monkeys
  2 gnoll boudas
  5 orc priests
  3 hounds
  Crazy Yiuf (D:3)
  2 iguanas
  Ijyb (D:3)
  13 orc wizards
  5 troll simulacra (IceCv)
  Natasha (thrice) (D:3)
  9 spriggan simulacra (IceCv)
  4 polar bear simulacra (IceCv)
  2 wolf simulacra (IceCv)
  31 gnolls
  8 adders
  8 naga simulacra (IceCv)
  6 white imps
  6 ufetubi
  2 worms
  2 dart slugs
  59 orcs
  7 ball pythons
  5 bats
  4 endoplasms
  A giant cockroach (D:1)
  7 goblins
  3 hobgoblins
  5 jackals
  7 quokkas
  3 frilled lizards
  7 kobolds
  4 rats
408 creatures vanquished.

Vanquished Creatures (collateral kills)
  A tentacled starspawn (Abyss:2)
  A wizard (D:11)
  A small abomination (Abyss:2)
3 creatures vanquished.

Vanquished Creatures (others)
  19 fungi
  54 plants
73 creatures vanquished.

Grand Total: 484 creatures vanquished

Notes
Turn   | Place    | Note
-------+----------+-------------------------------------------
     0 | D:1      | Floretta the Minotaur Berserker began the quest for the
                  | Orb.
     0 | D:1      | Reached XP level 1. HP: 19/19 MP: 0/0
    69 | D:1      | Reached skill level 4 in Axes
   152 | D:1      | Reached XP level 2. HP: 27/27 MP: 1/1
   904 | D:2      | Reached XP level 3. HP: 33/33 MP: 2/2
  1096 | D:2      | Reached skill level 5 in Axes
  1096 | D:2      | Reached ** piety under Trog
  1149 | D:2      | Found a faded altar of an unknown god.
  1310 | D:2      | Identified the ring "Opask" {+Blink EV+4 Str+4 Dex-4}
  1550 | D:3      | Reached XP level 4. HP: 41/41 MP: 3/3
  1651 | D:3      | Found a burning altar of Makhleb.
  1815 | D:3      | Found a runed translucent door.
  1816 | D:3      | Noticed Crazy Yiuf
  1962 | D:3      | Identified the +0 scale mail of the Sun {Str+4 Int+6}
  1986 | D:3      | Noticed Natasha
  1989 | D:3      | Killed Natasha
  2136 | D:3      | Noticed Natasha
  2143 | D:3      | Killed Natasha
  2144 | D:3      | Reached skill level 6 in Axes
  2144 | D:3      | Reached XP level 5. HP: 45/47 MP: 4/4
  2201 | D:3      | Noticed Ijyb
  2203 | D:3      | Killed Ijyb
  2204 | D:3      | Reached skill level 5 in Fighting
  2315 | D:3      | Noticed Natasha
  2323 | D:3      | Killed Natasha
  2384 | D:3      | Killed Crazy Yiuf
  2467 | D:4      | Noticed a lemure
  2529 | D:4      | Found Fefil's Lightly-Used Armoury.
  2577 | D:4      | Reached skill level 7 in Axes
  2577 | D:4      | Reached XP level 6. HP: 56/56 MP: 5/5
  2580 | D:4      | Found a white marble altar of Elyvilon.
  2596 | D:4      | Found a blossoming altar of Fedhas.
  2596 | D:4      | Found a sacrificial altar of Ru.
  2672 | D:4      | Noticed Pikel
  2684 | D:4      | Killed Pikel
  2685 | D:4      | Reached skill level 9 in Axes
  2685 | D:4      | Reached XP level 7. HP: 64/64 MP: 6/6
  2833 | D:4      | Found a shadowy altar of Dithmenos.
  2870 | D:4      | Found Biebuf's Assorted Antiques.
  2901 | D:4      | Found a shimmering blue altar of Sif Muna.
  3108 | D:5      | Entered Level 5 of the Dungeon
  3145 | D:5      | Noticed Grinder
  3161 | D:5      | Killed Grinder
  3162 | D:5      | Reached XP level 8. HP: 63/73 MP: 7/7
  3184 | D:5      | Found a staircase to the Ecumenical Temple.
  3193 | D:5      | Reached skill level 10 in Axes
  3293 | D:5      | Reached *** piety under Trog
  3342 | D:5      | Found a sparkling altar of Nemelex Xobeh.
  3342 | D:5      | Found a bloodstained altar of Trog.
  3525 | D:5      | Reached skill level 11 in Axes
  3606 | D:5      | Noticed Blork the orc
  3613 | D:5      | Killed Blork the orc
  4035 | D:6      | Reached skill level 12 in Axes
  4035 | D:6      | Reached XP level 9. HP: 73/82 MP: 8/8
  4086 | D:6      | Found an iron altar of Okawaru.
  4356 | D:6      | Reached **** piety under Trog
  4419 | D:6      | Found Xepiki's General Store.
  4428 | D:6      | Bought a scroll of identify for 22 gold pieces
  4428 | D:6      | Bought a scroll of identify for 22 gold pieces
  4428 | D:6      | Bought a scroll of enchant armour for 82 gold pieces
  4472 | D:6      | Found a hide-covered altar of Uskayaw.
  4606 | D:6      | Found an opulent altar of Gozag.
  4778 | D:7      | Reached skill level 13 in Axes
  4823 | D:7      | Reached skill level 10 in Fighting
  5106 | D:7      | Reached skill level 14 in Axes
  5340 | D:8      | Reached XP level 10. HP: 93/93 MP: 9/9
  5675 | D:8      | Reached skill level 15 in Axes
  5679 | D:8      | Reached ***** piety under Trog
  6208 | D:9      | Noticed Grum
  6218 | D:9      | Killed Grum
  6394 | D:9      | Noticed Joseph
  6410 | D:9      | Noticed a two-headed ogre
  6413 | D:9      | Killed Joseph
  6414 | D:9      | Reached skill level 16 in Axes
  6422 | D:9      | Killed a two-headed ogre
  6674 | D:9      | Reached XP level 11. HP: 104/104 MP: 10/10
  6798 | D:9      | Noticed Harold
  6801 | D:9      | Killed Harold
  7197 | D:10     | Entered Level 10 of the Dungeon
  7219 | D:10     | Reached skill level 17 in Axes
  7468 | D:10     | Noticed a two-headed ogre
  7472 | D:10     | Killed a two-headed ogre
  7634 | D:10     | Received a gift from Trog
  7978 | D:10     | Found a staircase to the Orcish Mines.
  8033 | D:11     | Noticed a wizard
  8045 | Abyss:2  | Cast into level 2 of the Abyss (a wizard)
  8085 | Abyss:2  | Reached skill level 18 in Axes
  8114 | Abyss:2  | Noticed a thrashing horror
  8118 | Abyss:2  | Killed a thrashing horror
  8130 | Abyss:2  | Noticed a tentacled starspawn
  8134 | Abyss:2  | Killed a tentacled starspawn
  8192 | Abyss:2  | Noticed a rakshasa
  8208 | Abyss:2  | Killed a rakshasa
  8209 | Abyss:2  | Reached XP level 12. HP: 116/116 MP: 11/11
  8213 | D:11     | Escaped the Abyss
  8283 | D:11     | Noticed Sonja
  8299 | D:11     | Killed Sonja
  8300 | D:11     | Reached skill level 19 in Axes
  8328 | D:11     | Noticed a two-headed ogre
  8335 | D:11     | Killed a two-headed ogre
  8778 | D:11     | Found a staircase to the Lair.
  9186 | Lair:1   | Entered Level 1 of the Lair of Beasts
  9230 | Lair:1   | Reached skill level 20 in Axes
  9296 | Lair:1   | Reached skill level 15 in Fighting
  9446 | Lair:1   | Noticed Fannar
  9455 | Lair:1   | Killed Fannar
 10055 | Lair:2   | Found a staircase to the Shoals.
 10130 | Lair:2   | Found a staircase to the Snake Pit.
 10155 | Lair:2   | Reached XP level 13. HP: 91/130 MP: 12/12
 10449 | Lair:2   | Found a frozen archway.
 10509 | IceCv    | Entered an ice cave
 10982 | IceCv    | Noticed a reaper
 10990 | IceCv    | Mangled by an anaconda simulacrum

Illustrated notes

Levels and vault maps discovered:
D:1:      minmay_arrival_four_loops, layout_loops_ring, dk_noncrumbling_4
D:2:      layout_basic, hellmonk_ecumenical_altar_leap_of_faith,
          grunt_decor_one_mirror, minmay_tetromino_t4
D:3:      layout_basic, mainiacjoe_overflow_cross_hatched, serial_curves,
          eino_curves_02, eino_curves_02, kennysheep_pointless_box,
          minmay_shallow_snake_nest, uniq_ijyb, uniq_crazy_yiuf_cottage,
          uniq_natasha
D:4:      layout_gridville, nicolae_overflow_crystal_walls,
          mainiacjoe_overflow_alcove_2, grunt_temple_overflow_open,
          serial_shops, shop, minmay_shop_damaged, uniq_pikel
D:5:      layout_basic, mainiacjoe_overflow_divided_tiny, temple_statues,
          minmay_misc_feat_x, uniq_grinder, uniq_blork_the_orc
D:6:      layout_basic, mainiacjoe_overflow_tiny_flanked,
          okawaru_metal_pillars_1_2, mainiacjoe_overflow_alcove_1, serial_shops,
          nicolae_shop_crystal, corexii_shack
D:7:      minmay_chambers_of_fours, layout_rooms, kennysheep_generic_room_11
D:8:      layout_loops_ring, palyth_stone_intersect
D:9:      layout_basic, amethyst_killhole, uniq_joseph, uniq_harold, uniq_grum
D:10:     layout_roguey, david_orc_4, amcnicky_mini_corridor_feature
D:11:     layout_basic, david_lair_shrubbed, serial_rivers,
          chequers_serial_rivers_large_a, chequers_serial_rivers_marsh,
          chequers_serial_rivers_large_b, chequers_serial_rivers_room_b,
          chequers_serial_rivers_micro_a, chequers_serial_rivers_small_3,
          uniq_sonja
Lair:1:   layout_chaotic_city, st_stairs_11, grunt_megastairs_2, uniq_fannar
Lair:2:   layout_cave_pods, shoals_dummy_entry,
          minmay_snake_entry_six_corridors, gammafunk_ghost_ooze,
          gauntlet_entry_generic, portal_ice_cave_rime
IceCv:    ice_cave_caverns_01

Skill      XL: |  1  2  3  4  5  6  7  8  9 10 11 12 13 |
---------------+----------------------------------------+-----
Axes           | 4 5 6 7 9 12 14 16 18 20 | 20.0
Fighting       | 4 5 6 7 8 10 12 13 16 18 | 18.0
Armour         | |  2.4
Dodging        | |  2.1

Action                   |  1- 3 |  4- 6 |  7- 9 | 10-12 | 13-15 || total
-------------------------+-------+-------+-------+-------+-------++-------
Melee: Hand axe          |    71 |       |       |       |       ||    71
       Headbutt          |     8 |     7 |    33 |    66 |    19 ||   133
       Punch             |     1 |     2 |     3 |       |       ||     6
       War axe           |       |    80 |   246 |    20 |       ||   346
       Battleaxe         |       |       |       |   350 |    95 ||   445
Invok: Berserk           |     3 |     4 |     9 |    17 |     6 ||    39
       Trog's Hand       |       |     1 |       |       |       ||     1
       Brothers in Arms  |       |       |       |     2 |       ||     2
  Use: Scroll            |       |     4 |     8 |     6 |       ||    18
       Potion            |       |       |       |     2 |     2 ||     4
 Stab: Distracted        |       |       |       |     1 |       ||     1
Armor: Scale mail        |    23 |       |    30 |    81 |    11 ||   145
       Ring mail         |     1 |       |       |       |       ||     1
       Chain mail        |     1 |    19 |    36 |       |       ||    56
Dodge: Dodged            |    40 |    49 |   183 |   272 |    55 ||   599

Table legend: (Time is in decaauts)
 A = Elapsed time spent in this place.
 B = Non-inter-level travel time spent in this place.
 C = Inter-level travel time spent in this place.
 D = Time resting spent in this place.
 E = Time spent auto-exploring this place.
 F = Levels seen in this place.
 G = Mean time per level.
                   A        B        C        D        E       F      G
               +--------+--------+--------+--------+--------+-----+--------+
         Total |  11292 |  10559 |    733 |    117 |   8008 |  15 |  752.8 |
       Dungeon |   9284 |   8567 |    717 |      3 |   6649 |  11 |  844.0 |
          Lair |   1353 |   1337 |     16 |      0 |   1025 |   2 |  676.5 |
         Abyss |    176 |    176 |      0 |     55 |     53 |   1 |  176.0 |
      Ice Cave |    477 |    477 |      0 |     58 |    280 |   1 |  477.0 |
               +--------+--------+--------+--------+--------+-----+--------+

Top non-repeatable levels by time:
    D:11: 1069 daAuts
     D:9: 1049 daAuts
     D:3: 1043 daAuts
     D:1: 952 daAuts
     D:8: 881 daAuts
  Lair:1: 878 daAuts
    D:10: 845 daAuts
     D:5: 778 daAuts
     D:6: 697 daAuts
     D:7: 697 daAuts
     D:4: 669 daAuts
     D:2: 599 daAuts
   IceCv: 477 daAuts
  Lair:2: 475 daAuts
 Abyss:2: 176 daAuts
